 Dungeon Crawl Stone Soup version 0.28.0-53-g5a82cb258f (webtiles) character file.

Game seed: 2635135200781112581

191 cbfl8 the Skirmisher (level 5, -18/47 HPs)
             Began as a Hill Orc Fighter on July 21, 2022.
             Demolished by an ogre
             ... wielding a +0 giant club
              (21 damage)
             ... on level 4 of the Dungeon.
             The game lasted 00:02:37 (3280 turns).

cbfl8 the Skirmisher (Hill Orc Fighter)             Turns: 3280, Time: 00:02:38

Health: -18/47     AC: 11    Str: 21    XL:     5   Next: 70%
Magic:  5/5        EV:  4    Int:  8    God:
Gold:   87         SH: 12    Dex: 10    Spells: 4/4 levels left

rFire   . . .      SeeInvis .   a - +0 war axe
rCold   . . .      Faith    .   o - +0 tower shield
rNeg    . . .      Spirit   .   p - +0 chain mail
rPois   +          Reflect  .   (no helmet)
rElec   .          Harm     .   l - +1 cloak {rPois}
rCorr   .          Rampage  .   (no gloves)
Will    .....                   (no boots)
Stlth   ..........              (no amulet)
HPRegen 0.15/turn               (no ring)
MPRegen 0.09/turn               (no ring)

@: no status effects
A: no striking features
a: no special abilities


You were on level 4 of the Dungeon.
You visited 1 branch of the dungeon, and saw 4 of its levels.

You collected 87 gold pieces.

Inventory:

Hand Weapons
 a - a +0 war axe (weapon)
Armour
 b - a +0 scale mail
 c - a +0 buckler
 l - a +1 cloak of poison resistance (worn)
 o - a +0 tower shield (worn)
 p - a +0 chain mail (worn)
Scrolls
 e - a scroll of vulnerability {unknown}
 f - a scroll of holy word {unknown}
 g - 2 scrolls of identify {unknown}
 i - 2 scrolls of teleportation {unknown}
 k - 2 scrolls of fog {unknown}
 m - a scroll of blinking {unknown}
 q - a scroll of amnesia {unknown}
 r - a scroll of silence {unknown}
Potions
 d - 2 potions of degeneration {unknown}
 h - 2 potions of curing {unknown}
 j - a potion of flight {unknown}
 n - 2 potions of attraction {unknown}


   Skills:
 + Level 4.6 Fighting
 + Level 4.6 Axes
 + Level 4.4 Armour
 + Level 0.5 Dodging
 + Level 0.4 Stealth
 + Level 4.1 Shields


You had 4 spell levels left.
You didn't know any spells.
Your spell library contained the following spells:

 Spells                   Type           Power      Damage    Failure   Level
 Ozocubu's Armour         Ice            0%         N/A       100%        3
 Metabolic Englaciation   Hex/Ice        0%         N/A       100%        5
 Simulacrum               Ice/Necr       0%         N/A       100%        6


Dungeon Overview and Level Annotations

Branches:
Dungeon (4/15)
 Temple: D:4-7

Altars:
Ru
Sif Muna
Yredelemnul

Shops:
D:1 [(*(*


Message History

You block the scorpion's attack. x2
You hit the scorpion but do no damage.
The scorpion is almost dead.
The scorpion stings you. You block the scorpion's attack.
You barely miss the scorpion.
The scorpion is almost dead.
The scorpion stings you but does no damage.
The scorpion stings you.
You hit the scorpion but do no damage.
The scorpion is almost dead.
You block the scorpion's attack.
The scorpion stings you but does no damage.
You barely miss the scorpion.
The scorpion is severely wounded.
You block the scorpion's attack. x2
You hit the scorpion but do no damage.
The scorpion is severely wounded.
The scorpion stings you. You block the scorpion's attack.
You slash the scorpion!
You kill the scorpion!
Your Shields skill increases to level 4!
You start resting.
HP restored.
The ogre barely misses you.
You barely miss the ogre.
The ogre hits you with a +0 giant club!!
Ouch! That really hurt!
Okay, then.
You slash the ogre!
The ogre is heavily wounded.
The ogre hits you with a +0 giant club.
You barely miss the ogre.
The ogre is heavily wounded.
The ogre hits you with a +0 giant club!
* * * LOW HITPOINT WARNING * * *
The ogre barely misses you.
You hit the ogre.
The ogre is severely wounded.
The ogre hits you with a +0 giant club!!
You die...

#############
#...........#
#.#########.# ###
#.# #.###.# #.#
#.#...#
##.#########.#.#@#
#...)......#..<#O#
.
###..#####.#.#.#.#
.. #.....#
#.###.#.# ...
####..####.#...#.#
....
#.....#.#.###.#
..... ##.##.#.#.#
#.##...... #.#
.#.#.# #.........
#.##.#.#.#
#####.....


You could see an ogre.

Vanquished Creatures
  A scorpion (D:4)
  A howler monkey (D:3)
  A hound (D:3)
  2 adders
  A worm (D:3)
  2 orcs
  An endoplasm (D:1)
  4 giant cockroaches (D:2)
  4 goblins
  8 hobgoblins
  4 jackals (D:3)
  3 quokkas
  4 ball pythons
  3 bats
  A frilled lizard (D:3)
  A kobold (D:3)
  8 rats
49 creatures vanquished.

Notes
Turn   | Place    | Note
-------+----------+-------------------------------------------
     0 | D:1      | cbfl8 the Hill Orc Fighter began the quest for the Orb.
     0 | D:1      | Reached XP level 1. HP: 19/19 MP: 1/1
    21 | D:1      | Found Yplici's Antique Weapon Emporium.
   186 | D:1      | Found Miuruob's General Store.
   357 | D:1      | Found a faded altar of an unknown god.
   564 | D:1      | Found Vagub's Antique Armour Emporium.
   679 | D:1      | Reached XP level 2. HP: 18/27 MP: 2/2
   829 | D:1      | Found Taodudosk's Antique Weapon Shoppe.
   941 | D:1      | Found Hyffie's Assorted Antiques.
  1054 | D:2      | Reached XP level 3. HP: 27/33 MP: 3/3
  1743 | D:3      | Reached XP level 4. HP: 9/41 MP: 4/4
  2002 | D:3      | Found a shimmering blue altar of Sif Muna.
  2382 | D:3      | Found a sacrificial altar of Ru.
  2414 | D:3      | Found a basalt altar of Yredelemnul.
  2583 | D:4      | Noticed an ogre
  2602 | D:3      | Reached XP level 5. HP: 35/47 MP: 5/5
  3279 | D:4      | HP: 2/47 [ogre/+0 giant club (15)]
  3280 | D:4      | Demolished by an ogre

Illustrated notes

Levels and vault maps discovered:
D:1:      dpeg_arrival_renting, layout_basic, serial_shops,
          nicolae_shop_window_shopping, shop_statue, nicolae_shop_statue_plus,
          shop_statue, shop, basic_ecumenical_altar, patterned_corridor
D:2:      layout_basic, minmay_hexomino_c4
D:3:      layout_basic, lemuel_blue_sif_altar, mainiacjoe_overflow_two_lobes
D:4:      layout_basic, temple_green, gammafunk_ghost_cemetery

Skill      XL: |  1  2  3  4  5 |
---------------+----------------+-----
Fighting       | 4 |  4.6
Axes           | 3 4 |  4.6
Armour         | 4 |  4.4
Shields        | 4 |  4.1
Dodging        | |  0.5
Stealth        | |  0.4

Action                   |  1- 3 |  4- 6 || total
-------------------------+-------+-------++-------
Melee: War axe           |    72 |    57 ||   129
  Use: Potion            |     1 |       ||     1
Armor: Scale mail        |    31 |       ||    31
       Chain mail        |    14 |    37 ||    51
Dodge: Dodged            |    21 |    11 ||    32
Block: Buckler           |    11 |       ||    11
       Tower shield      |    23 |    41 ||    64
